 Seeded DCSS version 0.31-a0-1612-g4aaf141004 (webtiles) character file.

Game seed: 560841995258110699 (custom seed)

4315 Esekla the Grave Robber (level 10, -2/70 (74) HPs)
             Began as a Formicid Necromancer on Jan 9, 2024.
             Was a Believer of Vehumet.
             Slain by a death yak simulacrum (19 damage)
             ... in an ice cave on Jan 10, 2024.
             The game lasted 01:07:48 (8503 turns).

Esekla the Grave Robber (Formicid Necromancer)      Turns: 8503, Time: 01:07:48

HP:   -2/70 (74)    AC:  6    Str:  8 (10) XL:     10   Next: 58%
MP:   20/20         EV: 12    Int: 19      God:    Vehumet [**....]
Gold: 256           SH:  5    Dex: 14      Spells: 18/22 levels left

rFire   . . .        a - +5 woodcutter's axe
rCold   + . .        (no shield)
rNeg    . . .        m - +2 leather armour of the Hart {rF+ Str-3 Stlth+}
rPois   .            (helmet unavailable)
rElec   .            H - +0 cloak
rCorr   .            (no gloves)
SInv    +            (no boots)
Will    +....        j - amulet of reflection
Stlth   ++++         I - ring of wizardry
HPRegen 0.31/turn    w - ring of ice
MPRegen 0.17/turn

%: reflection, wizardry (x1)
@: mighty, drained
A: permanent stasis, dig shafts and tunnels, antennae 3, four strong arms,
deterioration 2
a: Dig, Renounce Religion


You were in an ice cave.
You worshipped Vehumet.
Vehumet was pleased with you.
You visited 2 branches of the dungeon, and saw 12 of its levels.
You also visited: Sewer, Bailey and Ice Cave.

You collected 453 gold pieces.
You spent 197 gold pieces at shops.

Inventory:

Hand Weapons
 a - the +5 woodcutter's axe (weapon)
   (You found it on level 4 of the Dungeon)
 c - a +1 scimitar of electrocution
 s - the +6 dagger of Jeidgharr {heavy, Dex+4}
   (You found it on level 3 of the Dungeon)

   Dex+4:     It affects your dexterity (+4).
Missiles
 l - 5 javelins (quivered)
 C - 23 boomerangs
 G - a poisoned dart
Armour
 m - the +2 leather armour of the Hart (worn) {rF+ Str-3 Stlth+}
   (You found it on level 3 of the Dungeon)

   Str-3:     It affects your strength (-3).
   rF+:       It protects you from fire.
   Stlth+:    It makes you more stealthy.
 r - the +1 chain mail "Hafref" {Rampage}
   (You took it off a kobold in a bailey)

   Rampage:   It bestows one free step when moving towards enemies.
 H - a +0 cloak (worn)
Jewellery
 i - a ring of flight
 j - an amulet of reflection (around neck)
 w - a ring of ice (right hand)
 F - a ring of resist corrosion
 I - a ring of wizardry (left hand)
 K - an amulet of magic regeneration
Wands
 v - a wand of iceblast (7)
Scrolls
 e - a scroll of butterflies {unknown}
 f - a scroll of immolation {unknown}
 k - a scroll of vulnerability {unknown}
 p - a scroll of enchant armour {unknown}
 u - a scroll of revelation {unknown}
 x - 3 scrolls of fear {unknown}
 y - 2 scrolls of enchant weapon {unknown}
 D - 3 scrolls of amnesia {unknown}
 E - a scroll of identify
 J - a scroll of acquirement {unknown}
Potions
 b - a potion of magic
 d - 2 potions of experience {unknown}
 g - 2 potions of brilliance
 h - a potion of ambrosia {unknown}
 n - a potion of lignification {unknown}
 o - 2 potions of might
 q - a potion of curing
 z - a potion of mutation {unknown}
 A - 3 potions of enlightenment
 B - a potion of invisibility {unknown}


   Skills:
 * Level 5.3 Fighting
 + Level 2.2 Short Blades
 + Level 3.7(4.8) Axes
 * Level 4.7(5.3) Polearms
 + Level 2.2 Throwing
 * Level 5.1 Armour
 + Level 3.3 Dodging
 + Level 5.7 Stealth
 + Level 2.4 Shields
 * Level 6.8 Spellcasting
 * Level 7.6 Necromancy
 + Level 0.1 Evocations


You had 18 spell levels left.
You knew the following spells:

 Your Spells              Type           Power      Damage    Failure   Level
a - Necrotise             Necr           100%       1d9       1%          1
d - Vampiric Draining     Necr           35%        2d8       1%          3

Your spell library contained the following spells:

 Spells                   Type           Power      Damage    Failure   Level
 Kiss of Death            Conj/Necr      80%        2d11      1%          1
 Animate Dead             Necr           35%        N/A       2%          4
 Curse of Agony           Necr           35%        N/A       7%          5
 Hailstorm                Conj/Ice       9%         3d6       16%         3
 Summon Ice Beast         Ice/Summ       9%         N/A       16%         3
 Manifold Assault         Tloc           6%         N/A       45%         4
 Dispersal                Tloc           3%         N/A       100%        6
 Sculpt Simulacrum        Ice/Alch       4%         N/A       100%        6
 Haunt                    Necr/Summ      10%        N/A       100%        7
 Disjunction              Tloc           3%         N/A       100%        8
 Infestation              Necr           17%        N/A       100%        8


Dungeon Overview and Level Annotations

Branches:
Dungeon (12/15)            Temple (1/1) D:7           Sewer (visited)
 Bailey (visited)           IceCv (1/1)
   Lair: D:8-11         Orc: D:9-12

Altars:
Ashenzari
Cheibriados
Dithmenos
Elyvilon
Fedhas
Gozag
Hepliaklqana
Kikubaaqudgha
Makhleb
Nemelex Xobeh
Okawaru
Qazlal
Ru
Sif Muna
Trog
Uskayaw
Vehumet
Wu Jian
Xom
Yredelemnul
Zin
The Shining One

Shops:
D:6 *

Annotations:
D:8 Joseph
D:9 Harold


Innate Abilities, Weirdness & Mutations

You cannot be hasted, slowed, berserked, paralysed or teleported.
You can dig through walls and to a lower floor.
You have a pair of large antennae on your head. (SInv)
Your four strong arms can wield two-handed weapons with a shield.
Your body often deteriorates upon taking damage.


Message History

The ice devil is almost dead.
The ice devil closely misses you.
You slash the ice devil!
You kill the ice devil!
Vehumet accepts your kill.
You feel your intelligence returning.
There is an open door here.
l - 5 javelins (gained 1)
There is a frozen archway here.
The world spins around you as you enter the gateway.
You enter an ice cave!
Found a scroll labelled KEID HETHIE.
Found an ice covered gate leading back out of this place.
There is an ice choked empty arch of ancient stone here.
You extend your mandibles.
You dig through the ice covered rock wall.
You feel drained.
You dig through the rock wall.
You feel drained.
Okay, then.
You retract your mandibles.
You slash the polar bear simulacrum!
The polar bear simulacrum is severely damaged.
You block the polar bear simulacrum's attack.
The polar bear simulacrum claws you but does no damage.
The polar bear simulacrum misses you.
You slash the polar bear simulacrum!
The polar bear simulacrum vaporises!
Vehumet accepts your kill.
You hit the death yak simulacrum.
The death yak simulacrum is lightly damaged.
The death yak simulacrum gores you but does no damage.
You slash the death yak simulacrum!
The death yak simulacrum is heavily damaged.
The death yak simulacrum gores you. The death yak simulacrum freezes you!
You resist.
You slash the death yak simulacrum!
The death yak simulacrum is severely damaged.
The death yak simulacrum gores you!
* * * LOW HITPOINT WARNING * * *
The death yak simulacrum freezes you!! You resist.
You die...

### #@##
######Z#
##..∩..##
#...∩...#
#.........#
#...........#
#....Z......#
#..Z......Z.#
#.............#


You could see a death yak simulacrum.

Vanquished Creatures
  3 kobold demonologists (D:10)
  2 ice devils (D:12)
  2 wyverns
  A steam dragon (D:7)
  A water moccasin (D:8)
  7 orc warriors
  3 black bears
  An ice beast (D:5)
  A centaur (D:8)
  An ogre (D:7)
  A phantom (D:4)
  2 brain worms (Sewer)
  A bullfrog (D:8)
  2 scorpions (D:6)
  A bombardier beetle (D:5)
  3 hounds
  A gnoll bouda (D:7)
  2 orc priests (D:7)
  Crazy Yiuf (D:6)
  2 jellies
  A sleepcap (D:6)
  6 iguanas
  5 orc wizards
  A polar bear simulacrum (IceCv)
  6 gnolls
  14 adders
  4 river rats (Sewer)
  A white imp (D:8)
  A ribbon worm (D:3)
  5 dart slugs
  17 orcs
  8 ball pythons
  4 endoplasms
  4 giant cockroaches
  9 hobgoblins
  3 quokkas
  9 bats
  9 frilled lizards
  12 goblins
  18 kobolds
  15 rats
190 creatures vanquished.

Vanquished Creatures (others)
  An orc wizard (D:5)
1 creature vanquished.

Grand Total: 191 creatures vanquished

Notes
Turn   | Place    | Note
-------+----------+-------------------------------------------
     0 | D:1      | Esekla the Formicid Necromancer began the quest for the
                  | Orb.
     0 | D:1      | Reached XP level 1. HP: 13/13 MP: 3/3
    30 | D:1      | You fall into a shaft and drop 1 floor!
    36 | D:2      | You fall into a shaft and drop 1 floor!
   418 | D:2      | Found a faded altar of an unknown god.
   478 | D:2      | Reached XP level 2. HP: 16/19 MP: 5/5
   532 | D:2      | You fall into a shaft and drop 1 floor!
   772 | D:3      | Identified the +2 leather armour of the Hart {rF+ Str-3
                  | Stlth+}
   808 | D:3      | Identified the +6 dagger of Jeidgharr {heavy, Dex+4}
   850 | D:4      | Found the +5 woodcutter's axe
  1170 | D:3      | Reached XP level 3. HP: 24/24 MP: 6/6
  1174 | D:3      | Learned a level 3 spell: Vampiric Draining
  1736 | D:1      | Reached XP level 4. HP: 31/31 MP: 7/7
  2299 | D:3      | Reached skill level 1 in Armour
  2331 | D:3      | Reached XP level 5. HP: 36/36 MP: 7/9
  2833 | D:4      | Noticed a black bear
  3201 | D:4      | Reached skill level 1 in Fighting
  3201 | D:4      | Reached XP level 6. HP: 43/43 MP: 10/10
  3242 | D:4      | Reached skill level 1 in Polearms
  3279 | D:4      | Killed a black bear
  3280 | D:4      | Reached skill level 1 in Axes
  3379 | D:4      | Reached skill level 5 in Necromancy
  3431 | D:5      | Entered Level 5 of the Dungeon
  3466 | D:5      | Found a basalt altar of Yredelemnul.
  3472 | D:5      | Found a stormy altar of Qazlal.
  3479 | D:5      | Found a shadowy altar of Dithmenos.
  3479 | D:5      | Found a sparkling altar of Nemelex Xobeh.
  3485 | D:5      | Found a blossoming altar of Fedhas.
  3524 | D:5      | Noticed an ice beast
  3531 | D:5      | Killed an ice beast
  3532 | D:5      | Reached XP level 7. HP: 49/49 MP: 7/12
  3613 | D:5      | Found a glowing drain.
  3617 | Sewer    | Entered a sewer
  3626 | Sewer    | Reached skill level 1 in Throwing
  3829 | Sewer    | Reached skill level 1 in Short Blades
  4078 | D:6      | Reached XP level 8. HP: 57/57 MP: 13/13
  4093 | D:6      | Found Bisonib's Assorted Antiques.
  4102 | D:6      | Bought a scroll labelled IJEPLA PUATE for 25 gold pieces
  4102 | D:6      | Bought a scroll labelled ZESHRIXT RARHI for 25 gold pieces
  4102 | D:6      | Bought a smoky silvery potion for 22 gold pieces
  4329 | D:6      | Reached skill level 5 in Stealth
  4621 | D:7      | Found a staircase to the Ecumenical Temple.
  4795 | D:6      | Bought a tiny fluorescent amulet for 125 gold pieces
  4820 | D:6      | Found an opulent altar of Gozag.
  4941 | D:7      | Noticed a wyvern
  4945 | Temple   | Entered the Ecumenical Temple
  4953 | Temple   | Became a worshipper of Vehumet
  4993 | D:6      | Found a runed translucent door.
  5003 | D:6      | Noticed Crazy Yiuf
  5198 | D:5      | Reached skill level 1 in Shields
  6095 | D:6      | Killed Crazy Yiuf
  6362 | D:7      | Noticed a wyvern
  6371 | D:6      | Killed a wyvern
  6372 | D:6      | Reached skill level 6 in Necromancy
  6372 | D:6      | Reached XP level 9. HP: 44/64 MP: 5/15
  6664 | D:7      | Reached * piety under Vehumet
  6664 | D:7      | Offered knowledge of Sting by Vehumet.
  6895 | D:7      | Reached skill level 5 in Spellcasting
  7396 | D:8      | Noticed Joseph
  7458 | D:8      | You fall into a shaft and drop 2 floors!
  7458 | D:10     | Entered Level 10 of the Dungeon
  7568 | D:10     | Found a flagged portal.
  7586 | Bailey   | Entered a bailey
  7697 | Bailey   | Offered knowledge of Kiss of Death by Vehumet.
  7739 | Bailey   | Identified the +1 chain mail "Hafref" {Rampage}
  7741 | Bailey   | Reached ** piety under Vehumet
  7795 | Bailey   | Reached XP level 10. HP: 60/73 MP: 9/18
  7824 | Bailey   | Reached skill level 7 in Necromancy
  8067 | D:10     | Found an ornate altar of the Wu Jian Council.
  8125 | D:9      | Noticed a kobold demonologist
  8125 | D:9      | Noticed a kobold demonologist
  8125 | D:9      | Noticed a kobold demonologist
  8126 | D:9      | Noticed Harold
  8144 | D:10     | Killed a kobold demonologist
  8144 | D:10     | Noticed a rust devil
  8145 | D:10     | Noticed an orange demon
  8151 | D:10     | Killed a kobold demonologist
  8151 | D:10     | Gained mutation: Your body sometimes deteriorates upon
                  | taking damage. [a neqoxec]
  8152 | D:10     | Reached skill level 5 in Fighting
  8153 | D:10     | Gained mutation: Your body often deteriorates upon taking
                  | damage. [a neqoxec]
  8154 | D:10     | Killed a kobold demonologist
  8155 | D:10     | Reached skill level 5 in Armour
  8268 | D:9      | You fall into a shaft and drop 3 floors!
  8447 | D:12     | Noticed an ice devil
  8448 | D:12     | Found a frozen archway.
  8449 | D:12     | Noticed an ice devil
  8469 | D:12     | Killed an ice devil
  8475 | D:12     | Killed an ice devil
  8488 | IceCv    | Entered an ice cave
  8488 | IceCv    | Noticed a freezing wraith
  8503 | IceCv    | Slain by a death yak simulacrum

Illustrated notes

Levels and vault maps discovered:
D:1:      ncdulo_smallfort, layout_loops_cross
D:2:      layout_loops_cross, ebering_ecumenical_altar_sacrificial
D:3:      minmay_skewed_foursquare, layout_basic, serial_bayou_pond_a
D:4:      layout_loops_ring
D:5:      layout_cave_pools, nicolae_overflow_hallway_of_the_gods,
          mainiacjoe_sewer_entry_somewhere_in_here_2
D:6:      layout_layer_cave, grunt_gozag_statues, serial_shops, shop,
          uniq_crazy_yiuf_cottage
D:7:      layout_rooms, minmay_temple_entry_overgrown
D:8:      layout_basic, uniq_joseph, uniq_maggie
D:9:      layout_rooms, erik_lair_orcish_takeover, uniq_harold
D:10:     nicolae_hitomezashi [nicolae_hito_row, nicolae_hito_row,
          nicolae_hito_row, nicolae_hito_row, nicolae_hito_row,
          nicolae_hito_row, nicolae_hito_row, nicolae_hito_row,
          nicolae_hito_row, nicolae_hito_row, nicolae_hito_row,
          nicolae_hito_row, nicolae_hito_row, nicolae_hito_row,
          nicolae_hito_row, nicolae_hito_row, nicolae_hito_row,
          nicolae_hito_row], layout_basic, nicolae_wu_jian_wuxing_cycle,
          enter_bailey_5
D:12:     layout_roguey, serial_glass, glass_columns_a, glass_columns_c,
          minmay_strange_pillars, unseen_surprise_small, minmay_strange_pillars,
          minmay_strange_pillars, portal_ice_cave_demonic_guard
Temple:   eino_wide_crystal_templ
IceCv:    ice_cave_statue_garden_transporter

Skill      XL: |  1  2  3  4  5  6  7  8  9 10 |
---------------+-------------------------------+-----
Dodging        | 2 3 |  3.3
Stealth        | 3 4 5 |  5.7
Armour         | 1 2 3 4 5 |  5.1
Spellcasting   | 3 4 5 6 |  6.8
Fighting       | 1 2 3 4 5 |  5.3
Polearms       | 1 2 3 4 |  4.7
Axes           | 1 3 |  3.7
Necromancy     | 5 6 7 |  7.6
Throwing       | 1 2 |  2.2
Short Blades   | 1 2 |  2.2
Shields        | 1 2 |  2.4
Evocations     | |  0.1

Action                     |  1- 3 |  4- 6 |  7- 9 | 10-12 || total
---------------------------+-------+-------+-------+-------++-------
  Melee: Hand axe          |    33 |       |       |       ||    33
         Unarmed           |    11 |       |       |       ||    11
         Dagger            |    31 |    12 |    20 |       ||    63
         Battleaxe         |    17 |    55 |   183 |    59 ||   314
         Punch             |       |       |     1 |       ||     1
  Throw: Javelin           |     1 |    11 |    14 |     1 ||    27
         Dart              |       |       |    13 |       ||    13
         Boomerang         |       |       |    14 |       ||    14
   Cast: Vampiric Draining |       |     5 |    24 |    10 ||    39
Ability: Shaft Self        |     3 |       |     1 |     1 ||     5
         Dig               |       |       |       |     1 ||     1
  Evoke: Wand              |       |       |     2 |       ||     2
    Use: Scroll            |       |       |     8 |       ||     8
         Potion            |       |       |     1 |     5 ||     6
   Stab: Sleeping          |     9 |     9 |    15 |       ||    33
 Armour: Robe              |    30 |       |       |       ||    30
         Leather armour    |    15 |    23 |   108 |    51 ||   197
  Dodge: Dodged            |    66 |    29 |    90 |    35 ||   220
  Block: Other             |       |       |    38 |    16 ||    54
         Reflection        |       |       |     4 |       ||     4

Table legend: (Time is in decaauts)
 A = Elapsed time spent in this place.
 B = Non-inter-level travel time spent in this place.
 C = Inter-level travel time spent in this place.
 D = Time resting spent in this place.
 E = Time spent auto-exploring this place.
 F = Levels seen in this place.
 G = Mean time per level.
                   A        B        C        D        E       F      G
               +--------+--------+--------+--------+--------+-----+--------+
         Total |   8589 |   8061 |    528 |    809 |   1777 |  15 |  572.6 |
       Dungeon |   7701 |   7173 |    528 |    659 |   1699 |  11 |  700.1 |
        Temple |     16 |     16 |      0 |      0 |      0 |   1 |   16.0 |
         Sewer |    404 |    404 |      0 |      0 |     78 |   1 |  404.0 |
        Bailey |    452 |    452 |      0 |    150 |      0 |   1 |  452.0 |
      Ice Cave |     14 |     14 |      0 |      0 |      0 |   1 |   14.0 |
               +--------+--------+--------+--------+--------+-----+--------+

Top non-repeatable levels by time:
     D:6: 1649 daAuts
     D:3: 1201 daAuts
     D:4: 958 daAuts
     D:2: 851 daAuts
     D:7: 828 daAuts
     D:5: 800 daAuts
     D:1: 547 daAuts
  Bailey: 452 daAuts
   Sewer: 404 daAuts
    D:10: 349 daAuts
     D:8: 286 daAuts
    D:12: 219 daAuts
  Temple: 16 daAuts
   IceCv: 14 daAuts
     D:9: 8 daAuts
